 Dungeon Crawl Stone Soup version 0.30-a0-883-g5ad918d77d (webtiles) character file.

Game seed: 4870184288102165712

309 Newt the Trooper (level 6, -1/51 HPs)
             Began as a Demonspawn Gladiator on Mar 17, 2023.
             Slain by a gnoll bouda
             ... wielding a +1 falchion of holy wrath
              (14 damage)
             ... on level 4 of the Dungeon.
             The game lasted 00:03:59 (2932 turns).

Newt the Trooper (Demonspawn Gladiator)             Turns: 2932, Time: 00:04:00

Health: -1/51      AC:  7    Str: 23    XL:     6   Next: 17%
Magic:  6/6        EV: 19    Int:  9    God:
Gold:   222        SH:  4    Dex: 14    Spells: 5/5 levels left

rFire   . . .      SeeInvis .    a - +0 rapier
rCold   . . .      Faith    .    (no shield)
rNeg    . . .      Spirit   .    b - +0 leather armour
rPois   .          Reflect  .    c - +0 helmet
rElec   .          Rampage  .    (no cloak)
rCorr   .                        (no gloves)
Will    .....                    s - +2 pair of boots
Stlth   ++                       (no amulet)
HPRegen 0.28/turn                m - +6 ring of strength
MPRegen 0.10/turn                (no ring)

@: agile, weakened
A: repulsion field 1, powered by pain 1, condensation shield
a: no special abilities


You were on level 4 of the Dungeon.
You visited 1 branch of the dungeon, and saw 4 of its levels.

You collected 222 gold pieces.

Inventory:

Hand Weapons
 a - a +0 rapier (weapon)
Armour
 b - a +0 leather armour (worn)
 c - a +0 helmet (worn)
 s - a +2 pair of boots (worn)
Jewellery
 m - a +6 ring of strength (left hand)
Scrolls
 g - a scroll of identify
 n - a scroll of torment
Potions
 e - a potion of might {unknown}
 f - a potion of magic
 k - a potion of mutation {unknown}
 t - a potion of attraction {unknown}


   Skills:
 - Level 5.0 Fighting
 - Level 4.0 Short Blades
 - Level 1.7 Throwing
 + Level 1.5 Armour
 - Level 2.6 Dodging
 - Level 1.5 Stealth


You had 5 spell levels left.
You didn't know any spells.
Your spell library was empty.

Dungeon Overview and Level Annotations

Branches:
Dungeon (4/15)
 Temple: D:4-7

Altars:
Sif Muna

Shops:
D:2 [   D:3 [


Innate Abilities, Weirdness & Mutations

You are surrounded by a mild repulsion field. (EV +2)
You sometimes gain a little power by taking damage.
A meltable shield of frost defends you. (SH +4)


Message History

Press: ? - help, Shift-Dir - straight line, f/p - gnoll bouda
Aim: a gnoll bouda, wielding a +1 falchion of holy wrath and wearing a +0 leather armour (severely wounded, 64% to hit)
You throw a poisoned dart.
The poisoned dart barely misses the adder.
The poisoned dart hits the goblin.
The goblin is poisoned.
The adder bites you but does no damage.
Unknown command.
Unknown command.
You hit the adder but do no damage.
The adder is heavily wounded.
The adder misses you.
You closely miss the adder.
The adder is heavily wounded.
The adder closely misses you.
You hit the adder.
The adder is severely wounded.
The adder barely misses you. The adder bites you.
You are poisoned.
The adder poisons you!
You closely miss the adder.
The adder is severely wounded.
You feel sick.
The gnoll bouda gazes fiercely through you!
You feel your attacks grow feeble. The adder bites you but does no damage.
You hit the adder.
The adder is almost dead.
You feel sick.
You kill the goblin!
The adder closely misses you.
You hit the adder.
You kill the adder!
You feel sick.
The gnoll bouda gazes fiercely through you!
You feel as though you will be weak longer.
You feel better.
The gnoll bouda hits you with a +1 falchion of holy wrath!
* * * LOW HITPOINT WARNING * * *
You convulse!
You die...

#..# #.# *,* ######..#
#.# *>* ###.......# #.#
*,* ......###.# #.# *,#
......# #.# #.# *.#
###...# #.# #.# *##.#
#)..# #.# #.## *...*
###...###<####..###.#**
..).......##....@gog#
###...##..##.#####S.#
..........##.# #..#
#.#<..##.##..# #..#
##..†.##.##..# #S.#
†.....#...#..#####..#
#...................###
#.............#.......#*
............#..S#####..#*


You could see a gnoll bouda, an orc, a hobgoblin and a ball python.

Vanquished Creatures
  A scorpion (D:4)
  A howler monkey (D:4)
  An iguana (D:4)
  Jessica (D:3)
  2 sleepcaps (D:4)
  3 adders
  An ufetubus (D:4)
  A dart slug (D:4)
  6 orcs
  8 endoplasms
  3 giant cockroaches
  4 goblins
  6 hobgoblins
  9 kobolds
  A quokka (D:4)
  8 ball pythons
  3 bats
  4 frilled lizards
  4 rats
67 creatures vanquished.

Vanquished Creatures (others)
  5 plants (D:1)
5 creatures vanquished.

Grand Total: 72 creatures vanquished

Notes
Turn   | Place    | Note
-------+----------+-------------------------------------------
     0 | D:1      | Newt the Demonspawn Gladiator began the quest for the Orb.
     0 | D:1      | Reached XP level 1. HP: 16/16 MP: 1/1
   491 | D:1      | Reached skill level 1 in Stealth
   734 | D:1      | Gained mutation: You are surrounded by a mild repulsion
                  | field. (EV +2) [demonic ancestry]
   734 | D:1      | Reached XP level 2. HP: 14/22 MP: 2/2
  1006 | D:2      | Found Ulucsoed's Antique Armour Shoppe.
  1024 | D:2      | You fall into a shaft and drop 2 floors!
  1098 | D:4      | Reached skill level 3 in Fighting
  1098 | D:4      | Gained mutation: You sometimes gain a little power by
                  | taking damage. [demonic ancestry]
  1098 | D:4      | Reached XP level 3. HP: 22/29 MP: 3/3
  1165 | D:3      | Noticed Jessica
  1174 | D:3      | Killed Jessica
  1175 | D:3      | Reached skill level 4 in Fighting
  1175 | D:3      | Reached XP level 4. HP: 34/37 MP: 4/4
  1616 | D:3      | Found Uwal Kur's Antique Armour Shop.
  2338 | D:2      | Found a shimmering blue altar of Sif Muna.
  2613 | D:4      | Gained mutation: A meltable shield of frost defends you.
                  | (SH +4) [demonic ancestry]
  2613 | D:4      | Reached XP level 5. HP: 43/43 MP: 5/5
  2618 | D:4      | Reached skill level 5 in Fighting
  2824 | D:4      | Reached XP level 6. HP: 51/51 MP: 6/6
  2848 | D:4      | Reached skill level 1 in Armour
  2932 | D:4      | Slain by a gnoll bouda

Illustrated notes

Levels and vault maps discovered:
D:1:      dpeg_arrival_pond, layout_loops_ring, chequers_serial_rivers_micro_d,
          lexackson_kobold_supper
D:2:      layout_basic, basic_altar, serial_shops, shop_statue
D:3:      layout_loops_ring, elyvilon_altar_5, serial_shops, shop,
          hangedman_decor_growths, uniq_jessica
D:4:      layout_loops_ring, minmay_ruined_shrine

Skill      XL: |  1  2  3  4  5  6 |
---------------+-------------------+-----
Stealth        | 1 |  1.5
Fighting       | 3 4 5 |  5.0
Short Blades   | 4 |  4.0
Armour         | 1 |  1.5
Throwing       | |  1.7
Dodging        | |  2.6

Action                     |  1- 3 |  4- 6 || total
---------------------------+-------+-------++-------
  Melee: Rapier            |    81 |   198 ||   279
         Punch             |     1 |     3 ||     4
  Throw: Javelin           |     1 |     2 ||     3
         Throwing net      |       |     3 ||     3
         Dart              |       |     5 ||     5
    Use: Scroll            |       |     9 ||     9
         Potion            |       |     3 ||     3
   Stab: Sleeping          |     2 |     2 ||     4
         Distracted        |       |     2 ||     2
 Armour: Leather armour    |    15 |    55 ||    70
  Dodge: Dodged            |    50 |   141 ||   191
  Block: Other             |       |    20 ||    20

Table legend: (Time is in decaauts)
 A = Elapsed time spent in this place.
 B = Non-inter-level travel time spent in this place.
 C = Inter-level travel time spent in this place.
 D = Time resting spent in this place.
 E = Time spent auto-exploring this place.
 F = Levels seen in this place.
 G = Mean time per level.
                   A        B        C        D        E       F      G
               +--------+--------+--------+--------+--------+-----+--------+
         Total |   2951 |   2837 |    114 |    436 |   1841 |   4 |  737.8 |
       Dungeon |   2951 |   2837 |    114 |    436 |   1841 |   4 |  737.8 |
               +--------+--------+--------+--------+--------+-----+--------+

Top non-repeatable levels by time:
     D:1: 1010 daAuts
     D:3: 856 daAuts
     D:2: 559 daAuts
     D:4: 525 daAuts
